 Dungeon Crawl Stone Soup version 0.32-a0-859-gb0a091d592 (webtiles) character file.

Game seed: 17082734876768881323

1266 Shayle the Apothecary (level 8, -2/61 HPs)
             Began as a Coglin Alchemist on Mar 27, 2024.
             Killed from afar by Maggie (27 damage)
             ... with a bolt of fire
             ... on level 6 of the Dungeon on Mar 28, 2024.
             The game lasted 00:19:38 (5523 turns).

Shayle the Apothecary (Coglin Alchemist)            Turns: 5523, Time: 00:19:38

Health: -2/61      AC:  4    Str: 10    XL:     8   Next: 52%
Magic:  10/10      EV: 12    Int: 14    God:
Gold:   126        SH:  0    Dex: 16    Spells: 6/10 levels left

rFire   . . .        n - +1 falchion (elec) {Ammiditana}
rCold   . . .        h - +0 dagger {Ingwe}
rNeg    . . .        a - +1 robe
rPois   .            (no helmet)
rElec   .            (no cloak)
rCorr   .            r - +0 pair of gloves
SInv    .            (no boots)
Will    .....        (amulet unavailable)
Stlth   ++           (ring unavailable)
HPRegen 0.30/turn    (ring unavailable)
MPRegen 0.12/turn    (no gizmo)

%: no passive effects
@: mighty, mesmerised, revved
A: off-hand wielding, slow wielding, warmup strikes, no jewellery
a: Invent Gizmo


You were on level 6 of the Dungeon.
You visited 2 branches of the dungeon, and saw 7 of its levels.

You collected 282 gold pieces.
You spent 156 gold pieces at shops.

Inventory:

Hand Weapons
 c - a +0 dagger {Karolin}
 h - a +0 dagger (offhand) {Ingwe}
 m - a +2 heavy sling
 n - a +1 falchion of electrocution (weapon) {Ammiditana}
 o - a +0 sling
Armour
 a - a +1 robe (worn)
 r - a +0 pair of gloves (worn)
Wands
 f - a wand of polymorph (11)
 t - a wand of warping (1)
Scrolls
 e - 2 scrolls of immolation
 g - 3 scrolls of identify
 j - a scroll of noise {unknown}
 p - 3 scrolls of fear {unknown}
 s - 2 scrolls of summoning {unknown}
Potions
 b - a potion of brilliance {unknown}
 i - 4 potions of heal wounds
 k - a potion of cancellation
 q - a potion of berserk rage {unknown}


   Skills:
 + Level 4.3 Fighting
 + Level 3.3 Ranged Weapons
 + Level 2.0 Armour
 - Level 3.8 Dodging
 - Level 1.5 Stealth
 - Level 1.7 Spellcasting
 + Level 4.1 Conjurations
 + Level 6.0 Alchemy


You had 6 spell levels left.
You knew the following spells:

 Your Spells              Type           Power      Damage    Failure   Level
a - Sting                 Conj/Alch      60%        1d6       3%          1
b - Mephitic Cloud        Conj/Alch/Air  10%        N/A       19%         3

Your spell library contained the following spells:

 Spells                   Type           Power      Damage    Failure   Level
 Mercury Vapours          Alch/Air       18%        N/A       11%         2
 Momentum Strike          Conj/Tloc      14%        3d8       16%         2
 Olgreb's Toxic Radiance  Alch           18%        N/A       21%         4
 Necrotise                Necr           4%         1d4       24%         1
 Blink                    Tloc           2%         N/A       36%         2
 Ensorcelled Hibernation  Hex/Ice        2%         N/A       36%         2
 Lesser Beckoning         Tloc           2%         N/A       36%         2
 Sticky Flame             Fire/Alch      9%         2d5       56%         4
 Passwall                 Erth           1%         N/A       58%         3
 Swiftness                Air            1%         N/A       58%         3
 Vampiric Draining        Necr           1%         2d6       58%         3
 Martyr's Knell           Necr/Summ      1%         N/A       94%         4
 Curse of Agony           Necr           1%         N/A       100%        5


Dungeon Overview and Level Annotations

Branches:
Dungeon (6/15)             Temple (1/1) D:5

Altars:
Ashenzari
Cheibriados
Dithmenos
Elyvilon
Fedhas
Gozag
Hepliaklqana
Kikubaaqudgha
Makhleb
Nemelex Xobeh
Okawaru
Qazlal
Ru
Trog
Uskayaw
Vehumet
Wu Jian
Xom
Yredelemnul
Zin
The Shining One

Shops:
D:4 *   D:5 [

Annotations:
D:2 Terence
D:6 Maggie


Innate Abilities, Weirdness & Mutations

You can wield a second weapon in your off-hand.
It takes a long time for you to wield or remove held weapons.
Your first few attacks do less damage.
You cannot equip rings or amulets.


Message History

Aiming: Warp Space
Press: ? - help, Shift-Dir - straight line, f/p - Maggie
Aim: Maggie, wielding a +1 broad axe of distortion and wearing +0 swamp dragon scales (moderately wounded, chance to blink: 50%) Space twists violently!
The rupture engulfs Maggie.
Maggie is heavily wounded.
Aiming: Warp Space
Press: ? - help, Shift-Dir - straight line, f/p - Maggie
Aim: Maggie, wielding a +1 broad axe of distortion and wearing +0 swamp dragon scales (heavily wounded, chance to blink: 50%) Space twists violently!
The rupture engulfs Maggie.
Maggie is heavily wounded.
Unknown command.
You hit Maggie with your +0 dagger.
Maggie is heavily wounded.
You hit Maggie but do no damage.
Maggie gestures wildly while chanting.
Maggie attempts to bespell you!
You are mesmerised by Maggie!
Maggie points at you and mumbles some strange words.
The bolt of fire misses you.
You closely miss Maggie with your +1 falchion of electrocution.
Maggie is heavily wounded.
You hit Maggie with your +0 dagger. Maggie misses you.
Unknown command.
You feel very mighty all of a sudden. Maggie hits you but does no damage.
Space warps around you.
You hit Maggie with your +0 dagger.
Maggie is severely wounded.
You barely miss Maggie with your +1 falchion of electrocution.
Maggie hits you with a +1 broad axe of distortion!
Space warps horribly around you!!
You hit Maggie but do no damage.
Maggie is severely wounded.
You barely miss Maggie with your +0 dagger.
Maggie closely misses you.
You closely miss Maggie with your +0 dagger.
Maggie is severely wounded.
You hit Maggie with your +1 falchion of electrocution.
Maggie casts a spell at you. The bolt of fire hits you!!
You die...

#.##.##<# ####=###
#.##.##.# #.#
#.......# ####.#
####.#### #....# #.#
#.#### #.#
#########.# #.#
#.......#.#
#.#########.#####.#.#
#........@@.........#
###########.#####.###
#.#####.# #.......#
#########


You could see Maggie (mesmerising).

Vanquished Creatures
  Sigmund (D:3)
  A water moccasin (D:6)
  A sky beast (D:6)
  2 ice beasts
  An ogre (D:3)
  A bullfrog (D:6)
  A scorpion (D:5)
  A howler monkey (D:3)
  A hound (D:4)
  A jelly (D:5)
  An orc priest (D:4)
  2 sleepcaps
  Natasha (thrice) (D:3)
  3 iguanas
  9 adders
  4 dart slugs
  A ribbon worm (D:2)
  18 orcs
  7 endoplasms
  5 goblins
  6 hobgoblins
  13 kobolds
  4 quokkas
  6 ball pythons
  6 bats
  3 frilled lizards
  7 rats
109 creatures vanquished.

Notes
Turn   | Place    | Note
-------+----------+-------------------------------------------
     0 | D:1      | Shayle the Coglin Alchemist began the quest for the Orb.
     0 | D:1      | Reached XP level 1. HP: 13/13 MP: 3/3
    93 | D:1      | Reached skill level 1 in Conjurations
   191 | D:1      | Reached XP level 2. HP: 20/20 MP: 2/4
   656 | D:1      | Reached skill level 1 in Fighting
   664 | D:1      | Reached XP level 3. HP: 16/26 MP: 0/5
  1349 | D:2      | Reached XP level 4. HP: 32/32 MP: 3/6
  1455 | D:2      | Learned a level 3 spell: Mephitic Cloud
  1471 | D:2      | Noticed Terence
  1562 | D:3      | Reached skill level 4 in Alchemy
  1722 | D:3      | Noticed an ogre
  1723 | D:3      | Noticed Sigmund
  1801 | D:4      | Reached XP level 5. HP: 31/38 MP: 1/7
  2138 | D:3      | Noticed Natasha
  2144 | D:3      | Killed Natasha
  2145 | D:3      | Reached skill level 1 in Ranged Weapons
  2145 | D:3      | Reached XP level 6. HP: 25/46 MP: 5/8
  2368 | D:3      | Noticed Natasha
  3084 | D:3      | Killed Sigmund
  3085 | D:3      | Reached skill level 5 in Alchemy
  3085 | D:3      | Reached XP level 7. HP: 52/52 MP: 2/9
  3101 | D:3      | Killed Natasha
  3417 | D:3      | Noticed Natasha
  3426 | D:3      | Killed Natasha
  3599 | D:4      | Found Seregg's Gadget Gallery.
  3618 | D:4      | Bought a wand of paralysis (5) for 156 gold pieces
  3743 | D:5      | Entered Level 5 of the Dungeon
  3834 | D:5      | Found Heinrich's Dragon-Slaying Spoils.
  4040 | D:5      | Found a staircase to the Ecumenical Temple.
  4049 | Temple   | Entered the Ecumenical Temple
  4435 | D:5      | Reached XP level 8. HP: 60/60 MP: 10/10
  4815 | D:5      | Reached skill level 1 in Armour
  5377 | D:6      | Reached skill level 6 in Alchemy
  5476 | D:6      | Noticed Maggie
  5523 | D:6      | Killed from afar by Maggie

Illustrated notes

Levels and vault maps discovered:
D:1:      lemuel_arrival_muddy, layout_loops_cross
D:2:      layout_rooms, basic_altar, uniq_terence
D:3:      layout_loops_ring, serial_bayou, serial_bayou_crossing,
          serial_bayou_shore_a, serial_bayou_pond_d, serial_bayou_pond_b,
          uniq_natasha, uniq_sigmund
D:4:      layout_basic, nicolae_shop_gadgets
D:5:      layout_basic, temple_statues, serial_corexii_hall,
          corexii_hall_statues_l, corexii_hall_statues_x,
          nicolae_shop_dragon_depot, grunt_decor_junction,
          dreamdust_wishing_well, grunt_decor_mini_mirrors,
          kennysheep_crisscross
D:6:      layout_loops_cross, hangedman_abyss_or_decor_stagger, uniq_maggie
Temple:   mainiacjoe_temple_hex_bubbles

Skill      XL: |  1  2  3  4  5  6  7  8 |
---------------+-------------------------+-----
Conjurations   | 1 2 3 4 |  4.1
Dodging        | 2 3 |  3.8
Fighting       | 1 2 3 4 |  4.3
Alchemy        | 4 5 6 |  6.0
Ranged Weapons | 1 2 3 |  3.3
Armour         | 2 |  2.0
Stealth        | |  1.5
Spellcasting   | |  1.7

Action                     |  1- 3 |  4- 6 |  7- 9 || total
---------------------------+-------+-------+-------++-------
  Melee: Dagger            |    43 |    85 |   110 ||   238
         Falchion          |       |    49 |   111 ||   160
   Cast: Sting             |    48 |    38 |    10 ||    96
         Mephitic Cloud    |       |     2 |     5 ||     7
  Evoke: Wand              |       |       |    10 ||    10
    Use: Scroll            |     2 |     7 |       ||     9
         Potion            |       |       |     2 ||     2
   Stab: Sleeping          |       |     3 |     4 ||     7
         Confused          |       |       |     6 ||     6
         Paralysed         |       |       |     4 ||     4
 Armour: Robe              |    18 |    41 |    65 ||   124
  Dodge: Dodged            |    19 |    42 |    53 ||   114

Table legend: (Time is in decaauts)
 A = Elapsed time spent in this place.
 B = Non-inter-level travel time spent in this place.
 C = Inter-level travel time spent in this place.
 D = Time resting spent in this place.
 E = Time spent auto-exploring this place.
 F = Levels seen in this place.
 G = Mean time per level.
                   A        B        C        D        E       F      G
               +--------+--------+--------+--------+--------+-----+--------+
         Total |   5565 |   5427 |    138 |    861 |   3256 |   7 |  795.0 |
       Dungeon |   5563 |   5426 |    137 |    861 |   3256 |   6 |  927.2 |
        Temple |      1 |      0 |      1 |      0 |      0 |   1 |    1.0 |
               +--------+--------+--------+--------+--------+-----+--------+

Top non-repeatable levels by time:
     D:3: 1564 daAuts
     D:5: 1346 daAuts
     D:1: 1040 daAuts
     D:4: 669 daAuts
     D:2: 497 daAuts
     D:6: 446 daAuts
  Temple: 1 daAuts
